 Dungeon Crawl Stone Soup version 0.20.1-1-g8b1a95d (webtiles) character file.

51 Charly the Insei (level 3, -1/18 HPs)
             Began as a Vine Stalker Wanderer on July 23, 2017.
             Was an Initiate of Ashenzari.
             Slain by a goblin (2 damage)
             ... led by Robin
             ... on level 2 of the Dungeon.
             The game lasted 00:06:08 (553 turns).

Charly the Insei (Vine Stalker Wanderer)             Turns: 553, Time: 00:06:08

Health: -1/18      AC:  5    Str: 13    XL:     3   Next: 83%
Magic:  0/4        EV: 10    Int: 12    God:    Ashenzari [......]
Gold:   53         SH:  0    Dex: 15    Spells: 2/2 levels left

rFire    . . .     SeeInvis .   a - +2 short sword (venom)
rCold    . . .     Gourm    .   (no shield)
rNeg     . . .     Faith    .   c - +0 ring mail
rPois    .         Spirit   +   (no helmet)
rElec    .         Reflect  .   (no cloak)
rCorr    .         Harm     .   (no gloves)
MR       .....                  (no boots)
Stlth    +.........             (no amulet)
Regen    0.1/turn               (no ring)
MPRegen  0.1/turn               (no ring)

@: no status effects
A: fangs 2, magic shield, antimagic bite, no potion heal 3, rot immunity
a: Curse Item, Renounce Religion


You were on level 2 of the Dungeon.
You worshipped Ashenzari.
Ashenzari was noncommittal.
You were not hungry.

You visited 1 branch of the dungeon, and saw 3 of its levels.

You collected 53 gold pieces.

Inventory:

Hand Weapons
 a - a +2 short sword of venom (weapon)
 b - a +0 hand crossbow
 n - a +0 scythe
Missiles
 d - 16 bolts
Armour
 c - a +0 ring mail (worn)
Scrolls
 e - a scroll of amnesia {unknown}
 i - 3 scrolls of identify {unknown}
 k - a scroll of teleportation {unknown}
 l - a scroll of enchant weapon {unknown}
Potions
 h - a potion of mutation {unknown}
 j - a potion of curing {unknown}
Comestibles
 f - 2 bread rations
 g - 2 meat rations


   Skills:
 - Level 1.7 Fighting
   Level 1.0 Axes
 - Level 2.6 Crossbows
 - Level 1.7 Throwing
 - Level 1.5 Armour
 + Level 3.3 Unarmed Combat


You had 2 spell levels left.
You didn't know any spells.

Dungeon Overview and Level Annotations

Branches:
Dungeon (3/15)

Altars:
Ashenzari

Annotations:
D:2 Natasha, Robin


Innate Abilities, Weirdness & Mutations

You have extremely sharp teeth.
When hurt, damage is shared between your health and your magic reserves.
Your bite disrupts and absorbs the magic of your enemies.
Potions cannot restore your health.
You are immune to rotting.


Message History

Robin throws the goblin at you!
* * * LOW HITPOINT WARNING * * *
The goblin hits you.
* * * LOW HITPOINT WARNING * * *
You see here an uncursed club.
The goblin closely misses you.
A goblin comes into view.
The goblin shouts!
A hobgoblin comes into view.
The hobgoblin shouts!
Robin throws the goblin at you!
* * * LOW HITPOINT WARNING * * *
The goblin hits you but does no damage.
Found an uncursed hand axe of venom.
You closely miss the goblin. The goblin hits you.
The goblin closely misses you.
Robin roars a battlecry!
The goblin goes into a battle-frenzy!
The goblin hits you.
You die...

.....#.#..# #).
###..#.#..#.# #.# .
#.......... ...
..#..#.#..#.# #.# #
..+.......#.###.## .#
..#......... ... ..
###.........#
#.###.####
##...#..#####g#.......
###...#..g...gg@.......
#<#...#.######.#.#.####
##†#...#.# #g#.#
...#.g...######g#.#.##
..###..###.gg))........
..# #.g# #†####.#.#.###
..# #..# #..g...#.#
..###..######g#.#.#.
..##....g.gg.........


You could see Robin, 2 hobgoblins and 3 goblins.

Vanquished Creatures
  An adder (D:2)
  A dart slug (D:1)
  An orc (D:2)
  A giant cockroach (D:1)
  5 goblins
  3 hobgoblins
  11 jackals (D:2)
  4 kobolds
  3 bats
  A frilled lizard (D:2)
  3 rats
34 creatures vanquished.

Notes
Turn   | Place    | Note
-------+----------+-------------------------------------------
     0 | D:1      | Charly the Vine Stalker Wanderer began the quest for the Orb.
     0 | D:1      | Charly set off with: a +2 hand axe, a +0 ring mail, a +0 hand crossbow, 22 bolts, a bread ration
     0 | D:1      | Reached XP level 1. HP: 11/11 MP: 2/2
    79 | D:1      | Reached skill level 1 in Unarmed Combat
   112 | D:2      | Reached XP level 2. HP: 8/15 MP: 3/3
   192 | D:1      | Reached skill level 2 in Unarmed Combat
   195 | D:1      | Found a shattered altar of Ashenzari.
   203 | D:1      | Became a worshipper of Ashenzari the Shackled
   263 | D:2      | Noticed Natasha
   363 | D:2      | Reached XP level 3. HP: 9/18 MP: 1/4
   451 | D:2      | Reached skill level 3 in Unarmed Combat
   464 | D:2      | Noticed Robin
   553 | D:2      | Slain by a goblin

Skill      XL: |  1  2  3 |
---------------+----------+-----
Unarmed Combat | 1 2 3 |  3.3
Fighting       | |  1.7
Axes           | |  1.0
Crossbows      | |  2.6
Throwing       | |  1.7
Armour         | |  1.5

Action                   || total
-------------------------++-------
Melee: Hand axe          ||    52
       Bite              ||    16
       Short sword       ||    31
       Punch             ||     1
 Fire: Hand crossbow     ||    14
  Eat: Royal jelly       ||     1
Armor: Ring mail         ||    45
Dodge: Dodged            ||    57
